 Dungeon Crawl Stone Soup version 0.28-a0-823-gb444dcf96d (webtiles) character file.

Game seed: 4981027100776880624

1904 elagabalus the Spear-Bearer (level 8, -1/66 HPs)
             Began as a Minotaur Fighter on Nov 9, 2021.
             Slain by a vampire (11 damage)
             ... on level 6 of the Dungeon.
             The game lasted 00:31:38 (3357 turns).

elagabalus the Spear-Bearer (Minotaur Fighter)      Turns: 3357, Time: 00:31:38

Health: -1/66      AC:  8    Str: 24    XL:     8   Next: 94%
Magic:  7/7        EV: 10    Int:  5    God:
Gold:   148        SH:  0    Dex:  9    Spells: 7/7 levels left

rFire   . . .      SeeInvis .   a - +1 trident (protect)
rCold   . . .      Faith    .   c - +0 buckler
rNeg    . . .      Spirit   .   b - +0 scale mail
rPois   .          Reflect  .   (helmet restricted)
rElec   .          Harm     .   g - +0 cloak
rCorr   .          Rampage  .   (no gloves)
Will    .....                   (no boots)
Stlth   ..........              (no amulet)
HPRegen 0.21/turn               (no ring)
MPRegen 0.10/turn               (no ring)

@: confused
A: horns 2, retaliatory headbutt
a: no special abilities


You were on level 6 of the Dungeon.
You visited 1 branch of the dungeon, and saw 6 of its levels.

You collected 148 gold pieces.

Inventory:

Hand Weapons
 a - a +1 trident of protection (weapon)
 f - a +3 quarterstaff of chaos
Missiles
 h - 137 stones (quivered)
 r - a throwing net
Armour
 b - a +0 scale mail (worn)
 c - a +0 buckler (worn)
 g - a +0 cloak (worn)
 i - a +0 cloak
Magical Staves
 n - a staff of death
Jewellery
 e - an amulet of magic regeneration
 t - a ring of magical power
Wands
 p - a wand of paralysis (12)
Scrolls
 o - a scroll of identify
 s - a scroll of brand weapon
Potions
 d - a potion of might
 j - 2 potions of heal wounds
 k - 2 potions of curing
 l - 2 potions of ambrosia
 q - a potion of mutation
 u - a potion of resistance


   Skills:
 - Level 4.1 Fighting
 * Level 13.5 Polearms
 - Level 4.1 Armour
 - Level 4.0 Shields


You had 7 spell levels left.
You didn't know any spells.
Your spell library contained the following spells:

 Spells                   Type           Power      Damage    Failure   Level
 Apportation              Tloc           0%         N/A       77%         1
 Beastly Appendage        Tmut           0%         N/A       77%         1
 Foxfire                  Conj/Fire      0%         2x1d4     77%         1
 Magic Dart               Conj           0%         1d3       77%         1
 Sting                    Tmut/Pois      0%         1d3       77%         1
 Call Imp                 Summ           0%         N/A       88%         2
 Poisonous Vapours        Pois/Air       0%         N/A       88%         2
 Wereblood                Tmut           0%         N/A       88%         2
 Conjure Flame            Conj/Fire      0%         6-21      98%         3
 Inner Flame              Hex/Fire       0%         N/A       98%         3
 Mephitic Cloud           Conj/Pois/Air  0%         N/A       98%         3
 Spider Form              Tmut/Pois      0%         N/A       98%         3
 Flame Wave               Conj/Fire      0%         3d3       100%        4
 Olgreb's Toxic Radiance  Pois           0%         N/A       100%        4
 Alistair's Intoxication  Tmut/Pois      0%         N/A       100%        5
 Dispersal                Tloc           0%         N/A       100%        6
 Invisibility             Hex            0%         N/A       100%        6
 Disjunction              Tloc           0%         N/A       100%        8


Dungeon Overview and Level Annotations

Branches:
Dungeon (6/15)
 Temple: D:4-7

Altars:
Qazlal

Shops:
D:1 (?!(


Innate Abilities, Weirdness & Mutations

You have a pair of horns on your head.
You reflexively headbutt those who attack you in melee.


Message History

You barely miss something. You hit something but do no damage.
You hear some strange, mumbled words.
You are confused.
You barely miss something. Your headbutt misses something.
You hear some strange, mumbled words.
You are more confused.
You miss something. You headbutt something.
You bump into the rock wall.
Something draws life force from you!
You bump into the rock wall.
Something draws life force from you!
* * * LOW HITPOINT WARNING * * *
Okay, then.
You bump into the rock wall.
Something hits you but does no damage. Something completely misses you.
You barely miss something.
You hear some strange, mumbled words.
You are more confused.
You feel much better. Something hits you but does no damage.
Something bites you but does no damage.
You hit something.
Your weapon exudes an aura of protection.
You bump into the rock wall.
Something hits you. Something bites you but does no damage.
You barely miss something. You headbutt something.
Something hits you but does no damage. Something bites you!
Something draws strength from your injuries!
You closely miss something. Something hits you!
* * * LOW HITPOINT WARNING * * *
Something bites you but does no damage.
You closely miss something.
You bump into the rock wall.
Something hits you.
* * * LOW HITPOINT WARNING * * *
Something bites you.
* * * LOW HITPOINT WARNING * * *
Something draws strength from your injuries!
You bump into the rock wall.
Something hits you.
* * * LOW HITPOINT WARNING * * *
Something bites you but does no damage.
You bump into the rock wall.
Something hits you!
You die...

##### #####...#
####.@{....#
#########....###...#
.......<..####
#...## ###########
###..######
##......#..
#.........
#..........
.............
.............$.


There were no monsters in sight!

Vanquished Creatures
  Pikel (D:5)
  Grinder (D:3)
  Menkaure (D:5)
  A black bear (D:4)
  2 necrophages (D:4)
  A phantom (D:4)
  2 lemures (D:5)
  2 scorpions
  A wyvern zombie (D:5)
  3 wights (D:4)
  A bullfrog zombie (D:5)
  2 hounds
  Crazy Yiuf (D:2)
  A bullfrog skeleton (D:5)
  Jessica (D:2)
  Ijyb (D:5)
  Natasha (thrice) (D:2)
  3 iguanas
  2 hound skeletons (D:4)
  4 gnolls
  3 adders
  An adder zombie (D:5)
  3 worms
  3 dart slugs
  2 orcs (D:5)
  An endoplasm (D:4)
  2 giant cockroaches
  4 hobgoblins (D:2)
  4 jackals
  4 kobolds
  4 quokkas
  3 ball pythons
  A bat (D:2)
  3 frilled lizards (D:1)
  8 goblins
  4 rats
84 creatures vanquished.

Notes
Turn   | Place    | Note
-------+----------+-------------------------------------------
     0 | D:1      | elagabalus the Minotaur Fighter began the quest for the
                  | Orb.
     0 | D:1      | Reached XP level 1. HP: 19/19 MP: 0/0
    24 | D:1      | Found Feastruac's Antique Weapon Shop.
    52 | D:1      | Found Kuuty's Magic Scroll Shoppe.
    59 | D:1      | Found Diymeaz's Antique Weapon Shoppe.
    64 | D:1      | Found Dyelig's Distillery.
   159 | D:1      | Reached XP level 2. HP: 19/27 MP: 1/1
   268 | D:1      | Reached XP level 3. HP: 20/33 MP: 2/2
   489 | D:2      | Reached skill level 3 in Polearms
   550 | D:2      | Found a runed translucent door.
   551 | D:2      | Noticed Crazy Yiuf
   559 | D:2      | Killed Crazy Yiuf
   560 | D:2      | Reached skill level 4 in Polearms
   676 | D:2      | Noticed Jessica
   721 | D:2      | Reached XP level 4. HP: 29/40 MP: 3/3
   800 | D:2      | Found a faded altar of an unknown god.
   827 | D:2      | Noticed Natasha
   836 | D:2      | Killed Natasha
   878 | D:2      | Killed Jessica
   879 | D:2      | Reached skill level 5 in Polearms
   924 | D:2      | Reached XP level 5. HP: 46/46 MP: 4/4
   939 | D:2      | Noticed Natasha
   945 | D:2      | Killed Natasha
  1150 | D:2      | Noticed Natasha
  1157 | D:2      | Killed Natasha
  1158 | D:2      | Reached skill level 6 in Polearms
  1398 | D:3      | Noticed Grinder
  1404 | D:3      | Paralysed by Grinder for 2 turns
  1415 | D:3      | Killed Grinder
  1416 | D:3      | Reached skill level 7 in Polearms
  1416 | D:3      | Reached XP level 6. HP: 35/52 MP: 5/5
  1907 | D:4      | Reached skill level 8 in Polearms
  1986 | D:4      | Reached XP level 7. HP: 59/59 MP: 6/6
  1990 | D:4      | Reached skill level 9 in Polearms
  2043 | D:5      | Entered Level 5 of the Dungeon
  2043 | D:5      | Noticed Menkaure
  2134 | D:4      | Reached skill level 10 in Polearms
  2374 | D:4      | Reached XP level 8. HP: 46/66 MP: 7/7
  2375 | D:4      | Found a stormy altar of Qazlal.
  2532 | D:5      | Noticed Pikel
  2571 | D:5      | Killed Pikel
  2572 | D:5      | Reached skill level 12 in Polearms
  2582 | D:5      | Noticed Ijyb
  2598 | D:5      | Killed Ijyb
  2639 | D:5      | Killed Menkaure
  2663 | D:5      | Reached skill level 13 in Polearms
  3357 | D:6      | Slain by a vampire

Illustrated notes

Levels and vault maps discovered:
D:1:      mushboom_english_gardens, layout_rooms, serial_shops,
          nicolae_shop_statue_plus, nicolae_lakefront_shop,
          nicolae_diamond_shop, shop, minmay_unequal
D:2:      layout_basic, shapermc_ecumenical_altar_starsandcircs,
          minmay_goblin_outpost, uniq_crazy_yiuf_cottage, uniq_jessica,
          uniq_natasha
D:3:      layout_basic, minmay_strange_pillars, kennysheep_generic_room_11,
          uniq_grinder
D:4:      layout_rooms, mainiacjoe_overflow_tiny_flanked
D:5:      layout_basic, uniq_menkaure, uniq_pikel, uniq_ijyb
D:6:      layout_rooms, minmay_temple_entry_statues_fountains, dk_vineyard_2,
          minmay_crystal_water

Skill      XL: |  1  2  3  4  5  6  7  8 |
---------------+-------------------------+-----
Fighting       | 4 |  4.1
Armour         | 4 |  4.1
Shields        | 4 |  4.0
Polearms       | 4 5 7 8 10 13 | 13.5

Action                   |  1- 3 |  4- 6 |  7- 9 || total
-------------------------+-------+-------+-------++-------
Melee: Trident           |    61 |   104 |   185 ||   350
       Headbutt          |     6 |    12 |    29 ||    47
  Use: Scroll            |     2 |     2 |     7 ||    11
       Potion            |       |       |     1 ||     1
Armor: Scale mail        |    15 |    27 |    53 ||    95
Dodge: Dodged            |    21 |    23 |    25 ||    69
Block: Buckler           |     6 |    17 |    13 ||    36

Table legend: (Time is in decaauts)
 A = Elapsed time spent in this place.
 B = Non-inter-level travel time spent in this place.
 C = Inter-level travel time spent in this place.
 D = Time resting spent in this place.
 E = Time spent auto-exploring this place.
 F = Levels seen in this place.
 G = Mean time per level.
                   A        B        C        D        E       F      G
               +--------+--------+--------+--------+--------+-----+--------+
         Total |   3323 |    761 |   2562 |      0 |      7 |   6 |  553.8 |
       Dungeon |   3323 |    761 |   2562 |      0 |      7 |   6 |  553.8 |
               +--------+--------+--------+--------+--------+-----+--------+

Top non-repeatable levels by time:
     D:5: 761 daAuts
     D:2: 712 daAuts
     D:3: 667 daAuts
     D:4: 619 daAuts
     D:1: 514 daAuts
     D:6: 48 daAuts
